 Dungeon Crawl Stone Soup version 0.31-a0-845-g9abc20d24f (webtiles) character file.

Game seed: 18226730860332760506

9 Nedwor the Ducker (level 2, 24/24 HPs)
             Began as a Merfolk Monk on Oct 2, 2023.
             Quit the game on level 1 of the Dungeon.
             The game lasted 00:00:36 (161 turns).

Nedwor the Ducker (Merfolk Monk)                     Turns: 161, Time: 00:00:36

Health: 24/24      AC:  2    Str: 11    XL:     2   Next: 12%
Magic:  2/2        EV: 14    Int:  9    God:
Gold:   0          SH:  0    Dex: 16    Spells: 1/1 levels left

rFire   . . .        a - +0 falchion
rCold   . . .        d - orb {light}
rNeg    . . .        b - +0 robe
rPois   .            (no helmet)
rElec   .            (no cloak)
rCorr   .            (no gloves)
SInv    .            (no boots)
Will    .....        (no amulet)
Stlth   +            (no ring)
HPRegen 0.24/turn    (no ring)
MPRegen 0.08/turn

%: no passive effects
@: glowing
A: (nimble swimmer 2), mertail
a: no special abilities


You were on level 1 of the Dungeon.
You visited 1 branch of the dungeon, and saw 1 of its levels.

Inventory:

Hand Weapons
 a - a +0 falchion (weapon)
Armour
 b - a +0 robe (worn)
 d - an orb of light (worn)
Scrolls
 h - a scroll of enchant armour {unknown}
Potions
 c - a potion of ambrosia
 e - a potion of attraction {unknown}
 f - a potion of resistance {unknown}
 g - a potion of brilliance {unknown}


   Skills:
 + Level 3.4 Fighting
 * Level 4.0 Long Blades
 + Level 4.2 Dodging


You had one spell level left.
You didn't know any spells.
Your spell library was empty.

Dungeon Overview and Level Annotations

Branches:
Dungeon (1/15)

Altars:


Innate Abilities, Weirdness & Mutations

((You are very nimble when in or above water. (Stealth+, EV+, Speed+++)))
Your lower body shifts to a powerful aquatic tail in water.


Message History

No target in view!
No target in view!
No target in view!
No target in view!
No target in view!
No target in view!
No target in view!
You see here a ball python corpse.
g - a fuming golden potion An endoplasm comes into view.
Found a stone staircase leading down.
An endoplasm is nearby!
An endoplasm is nearby!
An endoplasm is nearby!
The endoplasm quivers.
The endoplasm completely misses you.
You hit the endoplasm.
The endoplasm is lightly wounded.
The endoplasm misses you.
You completely miss the endoplasm.
The endoplasm is lightly wounded.
The endoplasm freezes you.
You are frozen.
You slash the endoplasm!
You kill the endoplasm!
No target in view!
No target in view!
No target in view!
No target in view!
No target in view!
No target in view!
No target in view!
No target in view!
h - a scroll labelled UHUMINEDEBA A quokka comes into view.
A quokka is nearby!
A quokka is nearby!
A quokka is nearby!
A quokka is nearby!
Are you sure you want to abandon this character and quit the game? (Confirm with "yes".)

.# .# .## .
..# #. ..# ..
..##### #.
......#
#..####
##.##..###
#..r..# #.##
..# ##@##
##..## #.#
#...# .##..#
#.# #...#
.###.# #.#
#...# .# #.#
#.# ####...#
..##.#
#.###......#
#..#.#
#.##..##...#
...#.#
#..#.###...#
##...####...#
#...#


You could see a quokka.

Vanquished Creatures
  An endoplasm (D:1)
  A giant cockroach (D:1)
  3 goblins (D:1)
  A ball python (D:1)
  A bat (D:1)
  2 rats (D:1)
9 creatures vanquished.

Notes
Turn   | Place    | Note
-------+----------+-------------------------------------------
     0 | D:1      | Nedwor the Merfolk Monk began the quest for the Orb.
     0 | D:1      | Reached XP level 1. HP: 18/18 MP: 1/1
    88 | D:1      | Reached XP level 2. HP: 23/24 MP: 2/2
   161 | D:1      | Quit the game

Illustrated notes

Levels and vault maps discovered:
D:1:      roderic_crop_circles_arrival_small, layout_rooms, nrook_campfire,
          minivault_5

Skill      XL: |  1 |
---------------+----+-----
Long Blades    | 4 |  4.0
Fighting       | |  3.4
Dodging        | |  4.2

Action                     || total
---------------------------++-------
  Melee: Falchion          ||    24
 Armour: Robe              ||     9
  Dodge: Dodged            ||    13

Table legend: (Time is in decaauts)
 A = Elapsed time spent in this place.
 B = Non-inter-level travel time spent in this place.
 C = Inter-level travel time spent in this place.
 D = Time resting spent in this place.
 E = Time spent auto-exploring this place.
 F = Levels seen in this place.
 G = Mean time per level.
                   A        B        C        D        E       F      G
               +--------+--------+--------+--------+--------+-----+--------+
         Total |    163 |    163 |      0 |      0 |    111 |   1 |  163.0 |
       Dungeon |    163 |    163 |      0 |      0 |    111 |   1 |  163.0 |
               +--------+--------+--------+--------+--------+-----+--------+

Top non-repeatable levels by time:
     D:1: 163 daAuts
